Map: [TLMC15] Hardwire

Players

Bunny

  • Race: Terran Terran

SKillous - Winner!

  • Race: Protoss Protoss
  • League: Master

VOD

Have the link to the VOD?

Description

Time

  • Played on: Oct. 21, 2021, 7:58 a.m.
  • Length: 16:32
Show
View Real Time Build Order
Export as new Build Order

Bunny Terran 

Build Orders:  

Get SALT Encoding   

  12  0:00  SCV  
  13  0:12  SCV  
  14  0:17  Supply Depot  
  14  0:24  SCV  
  15  0:39  SCV  
  15  0:40  Barracks  
  16  0:42  Refinery  
  16  0:51  SCV  
  17  1:03  SCV  
  18  1:15  SCV  
  19  1:27  Marine  
  19  1:28  Orbital Command  
  20  1:38  Command Center  
  20  1:46  Barracks Reactor  
  20  1:48  Supply Depot  
  20  1:53  SCV  
  21  2:05  Factory, SCV  
  22  2:09  Refinery  
  22  2:17  SCV  
  22  2:22  Marine x2  
  26  2:30  SCV  
  26  2:39  Marine  
  26  2:40  Marine  
  26  2:42  SCV  
  29  2:49  Hellion  
  29  2:50  Armory  
  31  2:52  Orbital Command  
  31  2:56  SCV  
  31  2:57  Marine  
  33  3:00  Marine  
  34  3:10  SCV  
  34  3:12  Starport  
  35  3:14  Factory Tech Lab  
  35  3:20  SCV  
  35  3:22  SCV  
  37  3:29  Bunker  
  37  3:31  Supply Depot  
  37  3:32  SCV  
  38  3:34  SCV  
  38  3:36  Widow Mine  
  38  3:37  Drilling Claws  
  41  3:42  Marine  
  41  3:43  Marine  
  43  3:49  Medivac  
  43  3:51  SCV  
  43  3:53  SCV  
  47  3:59  Widow Mine  
  47  4:02  Supply Depot  
  47  4:03  SCV  
  47  4:05  SCV  
  47  4:09  Marine x2  
  50  4:15  SCV  
  52  4:17  SCV  
  38  4:24  Medivac, Widow Mine  
  53  4:26  Supply Depot  
  53  4:28  Marine  
  58  4:32  Barracks, SCV  
  58  4:33  SCV  
  58  4:34  Barracks  
  58  4:35  Supply Depot  
  60  4:40  Engineering Bay  
  60  4:42  Refinery  
  61  4:45  SCV x2  
  61  4:50  Supply Depot  
  62  4:59  SCV  
  64  5:00  SCV  
  64  5:04  Starport Tech Lab  
  64  5:05  Stimpack  
  64  5:08  Marine  
  64  5:10  Factory Reactor  
  64  5:11  SCV  
  64  5:12  SCV  
  67  5:19  Refinery  
  67  5:20  Command Center  
  67  5:28  SCV x2  
  69  5:30  Starport Reactor  
  69  5:34  Marine x3, Combat Shield  
  69  5:35  Marine  
  69  5:48  Widow Mine x2  
  69  5:51  Barracks x2  
  69  5:53  Missile Turret  
  69  5:54  Missile Turret, SCV x2  
  71  6:06  Medivac  
  71  6:07  Medivac  
  71  6:09  Marine x2, Marauder x2  
  83  6:11  Widow Mine x2  
  83  6:18  Supply Depot x2  
  85  6:21  SCV  
  86  6:31  SCV  
  89  6:33  Widow Mine x2  
  89  6:39  Missile Turret, SCV  
  90  6:40  Medivac  
  90  6:41  Medivac  
  90  6:43  SCV  
  90  6:45  Concussive Shells  
  93  6:47  Marauder x2  
  93  6:48  Barracks Tech Lab  
  93  6:49  Barracks Reactor  
  93  6:52  Marine x2  
  93  6:53  Orbital Command  
  99  6:55  SCV  
  99  6:56  SCV, Widow Mine  
  99  6:57  Widow Mine  
  105  7:01  Terran Infantry Weapons Level 1  
  105  7:04  Supply Depot, Engineering Bay  
  105  7:07  SCV  
  105  7:08  SCV  
  107  7:11  Medivac x2  
  111  7:16  Supply Depot x2  
  111  7:17  Marauder  
  111  7:22  Widow Mine x2  
  117  7:28  Marauder  
  117  7:29  Marauder  
  121  7:32  Marine x4  
  125  7:38  Marauder  
  125  7:41  Medivac x2  
  130  7:45  Widow Mine x2  
  130  7:52  Marauder x2  
  130  7:56  Marine x4  
  130  7:57  SCV x2  
  130  7:58  SCV  
  141  8:01  Supply Depot  
  141  8:02  Marauder  
  143  8:11  Viking x2  
  145  8:18  Widow Mine x2  
  149  8:23  Refinery  
  149  8:24  Refinery, Terran Infantry Armor Level 1  
  149  8:27  Ghost Academy  
  149  8:30  SCV x3  
  148  8:46  Marauder x3  
  140  8:52  Marine x2  
  140  8:53  Marine x2  
  140  8:54  Viking x2  
  146  9:01  Widow Mine x2  
  148  9:05  Terran Infantry Weapons Level 2  
  148  9:06  Terran Ship Weapons Level 1  
  148  9:14  Marine x4  
  148  9:15  Marine x2  
  148  9:18  SCV x3  
  141  9:26  Marine  
  141  9:29  Command Center  
  120  9:32  Marine x5, SCV x3  
  120  9:35  Viking x2  
  128  9:41  Widow Mine  
  128  9:42  Widow Mine  
  126  9:49  Starport  
  126  9:50  Marine x2, SCV x2  
  126  9:51  SCV  
  131  9:53  Marine x3  
  132  10:08  Starport  
  132  10:10  Barracks  
  132  10:12  Medivac x2, Barracks  
  132  10:13  Barracks  
  136  10:16  SCV x3  
  136  10:19  Terran Infantry Armor Level 2  
  139  10:25  Marine x2  
  139  10:26  Marine x2  
  141  10:39  Starport Reactor  
  141  10:42  Orbital Command  
  141  10:44  Medivac x2, Refinery x2  
  141  10:47  Ghost x3  
  151  10:53  Marine x4  
  155  10:57  SCV  
  155  10:58  SCV x2  
  155  11:03  Terran Ship Weapons Level 2  
  158  11:09  SCV  
  159  11:12  Marine x4  
  159  11:14  Barracks Reactor, Barracks Tech Lab x2, Starport Reactor  
  159  11:15  Enhanced Shockwaves, Ghost  
  163  11:21  Supply Depot  
  163  11:24  Supply Depot  
  163  11:25  Command Center  
  161  11:29  Viking x3  
  167  11:36  Viking  
  167  11:46  Terran Infantry Weapons Level 3  
  165  11:47  Ghost  
  165  11:50  Marine x2  
  165  11:51  Marine x4  
  172  11:55  Sensor Tower  
  172  11:56  Viking  
  172  11:57  Missile Turret  
  172  11:58  Missile Turret  
  174  12:02  Missile Turret  
  174  12:03  Viking  
  174  12:04  Sensor Tower  
  174  12:05  Missile Turret  
  174  12:06  Supply Depot  
  174  12:07  Viking  
  178  12:10  Viking  
  178  12:14  Viking  
  182  12:18  Viking  
  184  12:23  Marauder x2  
  184  12:28  Marauder  
  190  12:32  Viking  
  190  12:33  Viking  
  190  12:37  Orbital Command  
  194  12:39  Refinery  
  194  12:41  Viking  
  196  12:47  Terran Infantry Armor Level 3  
  196  12:49  Personal Cloaking  
  196  12:53  Viking  
  196  12:57  Viking  
  200  13:01  Missile Turret  
  200  13:04  Refinery  
  178  13:20  Viking  
  178  13:22  Viking  
  169  13:28  Viking  
  164  13:34  Viking x2  
  164  13:36  Viking  
  164  13:37  Ghost x2  
  164  13:39  Marine x2  
  164  13:40  Marine x7  
  181  13:50  Viking  
  181  13:52  Viking  
  185  13:57  Ghost x2  
  185  13:58  Viking  
  185  14:00  Command Center  
  177  14:04  Viking x2  
  177  14:06  Viking  
  160  14:10  Ghost x2  
  160  14:12  Marine x2  
  164  14:17  Widow Mine  
  164  14:18  Widow Mine  
  164  14:21  Viking  
  170  14:27  Viking  
  170  14:29  Viking  
  174  14:34  Marauder x2, Viking  
  174  14:36  Ghost  
  182  14:47  Missile Turret  
  182  14:50  Viking  
  182  14:51  Viking  
  186  14:57  Viking  
  188  15:00  Viking  
  188  15:05  Viking x2  
  191  15:20  Viking  
  164  15:23  Ghost x4  
  164  15:27  Marine x7  
  149  15:31  Viking  
  146  15:37  Viking  
  146  15:40  Viking  
  139  15:44  Marine  
  139  15:45  Marine x5  
  139  15:52  Viking x2  
  139  15:53  Medivac  
  131  16:01  Medivac  
  118  16:08  Marine x4  
Show
View Real Time Build Order
Export as new Build Order

SKillous Protoss - Winner!

Build Orders: 1 Gate Expand, Phoenix Opening, Carriers, Colossus Rush 

Get SALT Encoding   

  12  0:00  Probe  
  13  0:12  Probe  
  14  0:17  Pylon  
  14  0:24  Probe  
  15  0:36  Probe (Chrono Boost), Gateway  
  16  0:46  Probe (Chrono Boost), Assimilator  
  17  0:51  Probe (Chrono Boost)  
  18  1:03  Probe  
  19  1:15  Probe  
  20  1:23  Cybernetics Core  
  20  1:33  Nexus  
  20  1:39  Pylon  
  20  1:41  Probe  
  21  1:48  Assimilator  
  21  1:53  Probe  
  22  1:57  Adept (Chrono Boost)  
  24  2:05  Probe  
  25  2:16  Stargate  
  25  2:17  Adept (Chrono Boost), Probe  
  28  2:29  Probe, Warp Gate  
  29  2:40  Adept  
  31  2:46  Probe (Chrono Boost)  
  31  2:50  Probe (Chrono Boost)  
  33  2:55  Probe (Chrono Boost)  
  35  2:58  Probe (Chrono Boost)  
  35  3:00  Probe (Chrono Boost)  
  35  3:01  Phoenix (Chrono Boost)  
  38  3:09  Probe  
  38  3:11  Gateway  
  38  3:12  Probe  
  40  3:17  Pylon  
  40  3:21  Probe  
  40  3:22  Phoenix (Chrono Boost)  
  40  3:25  Probe  
  44  3:33  Probe  
  45  3:37  Probe  
  46  3:41  Phoenix  
  46  3:45  Probe  
  49  3:49  Probe  
  49  3:57  Probe  
  49  3:59  Robotics Facility  
  49  4:01  Probe, Assimilator  
  51  4:03  Assimilator  
  51  4:09  Probe  
  54  4:16  Pylon  
  54  4:19  Probe (Chrono Boost)  
  54  4:20  Nexus  
  54  4:22  Probe (Chrono Boost)  
  54  4:24  Pylon  
  54  4:34  Probe x2 (Chrono Boost), Phoenix  
  58  4:41  Probe x2, Forge  
  60  4:46  Observer  
  60  4:49  Robotics Bay  
  60  4:52  Pylon  
  61  4:53  Probe x2  
  63  5:00  Pylon  
  63  5:03  Phoenix  
  63  5:05  Probe  
  63  5:06  Probe  
  67  5:11  Observer (Chrono Boost)  
  68  5:14  Photon Cannon  
  68  5:17  Probe  
  68  5:19  Shield Battery  
  69  5:25  Adept  
  69  5:28  Phoenix  
  73  5:35  Probe x2  
  69  5:44  Probe  
  69  5:47  Probe x2  
  72  5:53  Colossus (Chrono Boost), Phoenix  
  72  5:56  Probe  
  81  5:59  Probe x2  
  83  6:08  Probe  
  83  6:09  Pylon  
  84  6:11  Probe x2 (Chrono Boost)  
  84  6:12  Assimilator x2  
  86  6:20  Phoenix  
  86  6:23  Probe x2 (Chrono Boost)  
  86  6:24  Extended Thermal Lance, Probe (Chrono Boost)  
  91  6:32  Photon Cannon  
  94  6:33  Probe x3 (Chrono Boost)  
  94  6:38  Probe (Chrono Boost)  
  93  6:42  Colossus (Chrono Boost)  
  93  6:46  Phoenix  
  101  6:49  Photon Cannon  
  101  6:51  Shield Battery  
  101  6:53  Pylon  
  101  6:55  Pylon  
  101  7:04  Photon Cannon  
  101  7:05  Pylon  
  100  7:13  Stargate  
  100  7:15  Fleet Beacon  
  100  7:18  Sentry  
  102  7:25  Protoss Air Weapons Level 1  
  102  7:26  Pylon  
  102  7:27  Zealot  
  106  7:32  Colossus  
  110  7:39  Photon Cannon x2  
  111  7:46  Probe x2 (Chrono Boost)  
  108  7:51  Probe (Chrono Boost)  
  108  7:58  Probe (Chrono Boost)  
  111  8:00  Adept  
  111  8:01  Probe (Chrono Boost)  
  111  8:02  Probe (Chrono Boost)  
  111  8:03  Carrier (Chrono Boost)  
  115  8:06  Probe (Chrono Boost)  
  115  8:11  Probe x2 (Chrono Boost)  
  119  8:17  Carrier (Chrono Boost)  
  125  8:20  Pylon x2  
  125  8:25  Pylon  
  125  8:28  Photon Cannon  
  125  8:31  Stargate  
  125  8:34  Anion Pulse-Crystals  
  124  8:41  Probe  
  124  8:46  Probe x2  
  121  8:51  Shield Battery  
  121  8:53  Probe  
  120  8:57  Photon Cannon  
  120  8:58  Probe x2  
  120  9:00  Zealot x2  
  126  9:05  Probe  
  125  9:10  Carrier (Chrono Boost)  
  107  9:22  Carrier (Chrono Boost)  
  111  9:28  Carrier (Chrono Boost)  
  114  9:50  Protoss Air Weapons Level 2  
  114  9:53  Pylon  
  118  10:09  Assimilator  
  118  10:20  Photon Cannon  
  118  10:21  Photon Cannon, Carrier (Chrono Boost)  
  124  10:22  Shield Battery  
  124  10:23  Carrier (Chrono Boost)  
  124  10:26  Phoenix (Chrono Boost)  
  126  10:32  Shield Battery  
  126  10:34  Photon Cannon  
  125  10:36  Photon Cannon  
  125  10:41  Pylon  
  125  10:42  Pylon x3  
  125  10:44  Observer  
  125  10:48  Probe  
  128  10:52  Phoenix (Chrono Boost)  
  128  11:00  Probe  
  127  11:05  Pylon  
  127  11:08  Phoenix (Chrono Boost)  
  127  11:10  Phoenix (Chrono Boost)  
  131  11:24  Nexus  
  133  11:25  Shield Battery  
  133  11:26  Phoenix (Chrono Boost)  
  133  11:30  Carrier (Chrono Boost)  
  134  11:34  Pylon  
  134  11:38  Phoenix (Chrono Boost)  
  136  11:48  Observer  
  136  11:52  Nexus  
  139  11:54  Pylon, Phoenix (Chrono Boost)  
  139  11:58  Sentry, Pylon, Carrier (Chrono Boost)  
  147  12:09  Observer  
  147  12:11  Pylon  
  148  12:18  Pylon  
  148  12:21  Shield Battery  
  153  12:25  Shield Battery x2  
  153  12:31  Carrier (Chrono Boost)  
  153  12:32  Protoss Air Weapons Level 3 (Chrono Boost)  
  159  12:42  Carrier (Chrono Boost)  
  159  12:44  Carrier (Chrono Boost)  
  165  12:55  Probe, Pylon  
  165  12:56  Probe  
  165  12:57  Probe, Assimilator  
  165  12:58  Assimilator  
  168  13:04  Photon Cannon  
  168  13:08  Probe  
  159  13:21  Carrier (Chrono Boost)  
  165  13:38  Probe  
  171  13:42  Carrier (Chrono Boost)  
  177  13:57  Shield Battery, Carrier (Chrono Boost)  
  169  14:07  Observer  
  169  14:23  Observer  
  166  14:26  Phoenix (Chrono Boost)  
  166  14:31  Phoenix (Chrono Boost)  
  166  14:36  Nexus  
  168  14:41  Photon Cannon  
  168  14:42  Photon Cannon  
  168  14:44  Shield Battery, Phoenix x2 (Chrono Boost)  
  170  14:51  Phoenix  
  170  14:52  Sentry  
  176  15:03  Pylon  
  176  15:04  Observer  
  176  15:08  Phoenix  
  176  15:12  Phoenix  
  164  15:26  Phoenix  
  159  15:32  Phoenix (Chrono Boost)  
  163  15:46  Phoenix (Chrono Boost)  
  163  15:51  Phoenix (Chrono Boost)  
  165  15:57  Stargate  
  165  16:02  Assimilator x2  
Tags
 
Add a new tag
Caveats
  • Supply blocks, unpowered buildings, or Contaminate may cause inaccurate times.
  • Supply counts are checked every 10 seconds.